 Dungeon Crawl Stone Soup version 0.29.1-12-g30fa7ad0bf (webtiles) character file.

Game seed: 3423656336907258874

2813 RapScallion the Carver (level 10, -6/63 HPs)
             Began as a Human Ice Elementalist on Jan 12, 2023.
             Mangled by a troll (10 damage)
             ... on level 7 of the Dungeon.
             The game lasted 01:26:18 (10749 turns).

RapScallion the Carver (Human Ice Elementalist)    Turns: 10749, Time: 01:26:19

Health: -6/63      AC:  4    Str:  9    XL:     10   Next: 2%
Magic:  20/26      EV: 14    Int: 24    God:
Gold:   440        SH:  0    Dex: 14    Spells: 3/18 levels left

rFire   x . .      SeeInvis .   s - +6 long sword of Action {vorpal, rElec}
rCold   + . .      Faith    .   (no shield)
rNeg    . . .      Spirit   .   a - +0 robe
rPois   .          Reflect  .   (no helmet)
rElec   +          Harm     .   o - +1 cloak
rCorr   .          Rampage  .   (no gloves)
Will    .....                   (no boots)
Stlth   ++++......              (no amulet)
HPRegen 0.20/turn               w - ring of wizardry
MPRegen 0.20/turn               F - ring of the Gastropod {Ice Will- MP+9 Int+5 Stlth+}

@: no status effects
A: no striking features
a: no special abilities


You were on level 7 of the Dungeon.
You visited 1 branch of the dungeon, and saw 9 of its levels.

You collected 440 gold pieces.

Inventory:

Hand Weapons
 l - a +4 dagger
 s - the +6 long sword of Action (weapon) {vorpal, rElec}
   (You found it on level 3 of the Dungeon)

   It inflicts extra damage upon your enemies.
   rElec:     It insulates you from electricity.
 H - the +2 whip of Eprusk {venom, rN+ Will+ Dex+2}
   (You found it on level 9 of the Dungeon)

   It poisons the flesh of those it strikes.
   Dex:       It affects your dexterity (+2).
   rN:        It protects you from negative energy.
   Will:      It increases your willpower.
 I - a +2 dagger of venom
 J - a +2 dagger of protection
 K - a +0 falchion of holy wrath
 R - the +8 longbow "Zephyr" {speed, Dex+3 SInv}
   (You found it on level 6 of the Dungeon)

   Attacks with this weapon are significantly faster.
   Dex:       It affects your dexterity (+3).
   SInv:      It lets you see invisible.
Missiles
 d - 75 stones
 f - 5 datura-tipped darts
 y - 6 atropa-tipped darts
 C - a throwing net
 L - a curare-tipped dart
Armour
 a - a +0 robe (worn)
 o - a +1 cloak (worn)
 M - an orb of guile
Jewellery
 r - a +6 ring of dexterity
 w - a ring of wizardry (left hand)
 F - the ring of the Gastropod (right hand) {Ice Will- MP+9 Int+5 Stlth+}
   (You found it on level 5 of the Dungeon)

   [ring of ice]

   It enhances your ice magic.
   Int:       It affects your intelligence (+5).
   rF:        It makes you vulnerable to fire.
   rC:        It protects you from cold.
   MP:        It affects your magic capacity (+9).
   Will:      It decreases your willpower.
   Stlth:     It makes you more stealthy.
 P - a ring of flight
Wands
 G - a wand of mindburst (17)
Scrolls
 c - 2 scrolls of fog
 e - 2 scrolls of identify
 i - 3 scrolls of blinking
 j - 3 scrolls of amnesia
 k - a scroll of summoning {unknown}
 m - 5 scrolls of teleportation
 n - a scroll of enchant weapon {unknown}
 p - 3 scrolls of immolation
 t - a scroll of poison {unknown}
 x - 2 scrolls of vulnerability {unknown}
Potions
 b - a potion of magic
 h - 2 potions of resistance
 q - a potion of ambrosia {unknown}
 v - a potion of berserk rage {unknown}
 z - 4 potions of curing
 A - 3 potions of attraction
 D - a potion of degeneration {unknown}
 E - a potion of flight {unknown}
 Q - a potion of mutation {unknown}


   Skills:
 - Level 0.1 Fighting
 + Level 8.0 Long Blades
 + Level 4.8 Dodging
 + Level 4.9 Stealth
 * Level 4.9 Spellcasting
 * Level 7.6 Ice Magic


You had 3 spell levels left.
You knew the following spells:

 Your Spells              Type           Power      Damage    Failure   Level
a - Freeze                Ice            100%       1d11      1%          1
b - Ozocubu's Armour      Ice            59%        N/A       1%          3
c - Hailstorm             Conj/Ice       36%        3d9       8%          4
d - Frozen Ramparts       Ice            100%       1d16      1%          3
e - Summon Ice Beast      Ice/Summ       36%        N/A       8%          4

Your spell library contained the following spells:

 Spells                   Type           Power      Damage    Failure   Level
 Foxfire                  Conj/Fire      20%        2x1d5     3%          1
 Necrotise                Necr           20%        1d5       3%          1
 Sandblast                Erth           10%        2d5       3%          1
 Passwall                 Tmut/Erth      4%         N/A       6%          2
 Poisonous Vapours        Pois/Air       10%        N/A       6%          2
 Confusing Touch          Hex            5%         N/A       11%         3
 Conjure Flame            Conj/Fire      5%         6-21      11%         3
 Dazzling Flash           Conj/Hex       10%        N/A       11%         3
 Gell's Gravitas          Tloc           5%         N/A       11%         3
 Inner Flame              Hex/Fire       5%         N/A       11%         3
 Lesser Beckoning         Tloc           5%         N/A       11%         3
 Stone Arrow              Conj/Erth      10%        3d7       11%         3
 Teleport Other           Tloc           5%         N/A       11%         3
 Vampiric Draining        Necr           5%         2d6       11%         3
 Ice Form                 Ice/Tmut       36%        N/A       8%          4
 Cause Fear               Hex            2%         N/A       32%         4
 Corpse Rot               Necr/Pois/Air  5%         N/A       32%         4
 Flame Wave               Conj/Fire      5%         2d5       32%         4
 Agony                    Necr           5%         N/A       65%         5
 Silence                  Hex/Air        2%         N/A       65%         5
 Yara's Violent Unravell  Hex/Tmut       2%         3d3       65%         5
 Dispersal                Tloc           2%         N/A       99%         6
 Dragon Form              Tmut           2%         N/A       100%        7
 Enfeeble                 Hex            2%         N/A       100%        7
 Dragon's Call            Summ           2%         N/A       100%        9


Dungeon Overview and Level Annotations

Branches:
Dungeon (9/15)             Temple (0/1) D:5
   Lair: D:8-11         Orc: D:9-12

Altars:
Ashenzari
Elyvilon
Fedhas
Gozag
Ru
Yredelemnul

Shops:
D:1 *   D:5 *


Message History

You hit the troll but do no damage.
The troll is moderately wounded.
The troll closely misses you. The troll claws you. x2
Casting: Summon Ice Beast (dangerous; 8% risk of failure)
Confirm with . or Enter, or press ? or * to list all spells.
You feel a surge of power! A film of ice covers your body! The troll bites you.
The troll claws you. The troll claws you but does no damage.
Casting: Ozocubu's Armour (safe; 1% risk of failure)
Confirm with . or Enter, or press ? or * to list all spells.
You can't see any susceptible monsters within range! (Use Z to cast anyway.)
Casting: Ozocubu's Armour (safe; 1% risk of failure)
Confirm with . or Enter, or press ? or * to list all spells.
You feel a surge of power! A chill wind blows around you.
The troll closely misses you. The troll claws you but does no damage.
The troll claws you.
You barely miss the troll.
The troll is lightly wounded.
The troll barely misses you. The troll claws you! The troll barely misses you.
Your ice beast barely misses the troll.
You slash the troll!
The troll is heavily wounded.
The troll closely misses you. The troll claws you.
* * * LOW HITPOINT WARNING * * *
The troll claws you but does no damage.
Your ice beast barely misses the troll.
As you read the scroll of immolation, it crumbles to dust.
The creatures around you are filled with an inner flame!
The troll bites you but does no damage. The troll closely misses you.
The troll claws you but does no damage.
Your ice beast hits the troll but does no damage.
Your icy armour will break if you move.
Continue?
Your icy armour cracks and falls away as you move.
The troll attacks as you move away! The troll completely misses you.
The troll barely misses you. x2
The troll attacks as you move away! The troll bites you but does no damage.
The troll closely misses you. The troll claws you!
* * * LOW HITPOINT WARNING * * *
You closely miss the troll.
The troll is moderately wounded.
The troll closely misses you. The troll misses you. The troll claws you!
You die...

.....
#####.....#####..#
####
#.###......... ###
#.# ###.......
###.. #.# #..(....
#..... ##.#
#...)... #.....#
##..# ########
#....## #..##
#...####.##
###.YT@..#
.......#.####
.........#
##########


You could see a troll (inner flame, ally target) and a friendly ice beast
(summoned, inner flame).

Vanquished Creatures
  Menkaure (D:5)
  A water moccasin (D:3)
  An ice beast (D:6)
  2 black bears (D:4)
  2 sky beasts
  An ogre (D:6)
  A centaur (D:6)
  2 phantoms (D:4)
  4 bullfrogs
  A kobold brigand (D:5)
  2 necrophages (D:6)
  3 scorpions
  4 orc priests
  A hound (D:4)
  A jelly (D:4)
  A gnoll bouda (D:5)
  3 iguanas
  5 orc wizards
  7 adders
  13 gnolls
  A shadow imp (D:7)
  A white imp (D:6)
  2 ufetubi (D:4)
  2 worms
  7 dart slugs
  31 orcs
  9 bats
  6 endoplasms
  6 giant cockroaches
  9 goblins
  12 hobgoblins
  2 jackals (D:1)
  3 quokkas
  9 ball pythons
  4 frilled lizards
  14 kobolds
  6 rats
180 creatures vanquished.

Vanquished Creatures (collateral kills)
  A hornet (D:8)
  An orc warrior (D:7)
  A kobold brigand (D:8)
  A jelly (D:6)
  5 orcs
  A kobold (D:8)
10 creatures vanquished.

Vanquished Creatures (others)
  7 fungi (D:9)
  10 plants (D:9)
17 creatures vanquished.

Grand Total: 207 creatures vanquished

Notes
Turn   | Place    | Note
-------+----------+-------------------------------------------
     0 | D:1      | RapScallion the Human Ice Elementalist began the quest for
                  | the Orb.
     0 | D:1      | Reached XP level 1. HP: 13/13 MP: 3/3
   179 | D:1      | Found Topisa's Assorted Antiques.
   266 | D:1      | Reached XP level 2. HP: 19/19 MP: 1/5
   714 | D:1      | Reached XP level 3. HP: 24/24 MP: 4/6
   774 | D:1      | Learned a level 3 spell: Ozocubu's Armour
  1141 | D:1      | Found a basalt altar of Yredelemnul.
  1495 | D:2      | Reached XP level 4. HP: 28/30 MP: 5/7
  2486 | D:2      | Found a faded altar of an unknown god.
  2531 | D:2      | Found a broken altar of Ashenzari.
  2976 | D:3      | Identified the +6 long sword of Action {vorpal, rElec}
  3033 | D:3      | Reached XP level 5. HP: 23/35 MP: 1/9
  3036 | D:3      | Reached skill level 5 in Ice Magic
  3481 | D:3      | Reached skill level 1 in Long Blades
  4035 | D:3      | Noticed a water moccasin
  4048 | D:3      | Killed a water moccasin
  4049 | D:3      | Reached skill level 2 in Long Blades
  4049 | D:3      | Reached XP level 6. HP: 29/41 MP: 9/11
  4640 | D:4      | HP: 2/41 [poisoned by a scorpion]
  4641 | D:4      | Reached XP level 7. HP: 2/46 MP: 9/12
  4931 | D:4      | Reached skill level 3 in Long Blades
  5427 | D:4      | Learned a level 4 spell: Hailstorm
  5472 | D:4      | Learned a level 3 spell: Frozen Ramparts
  5570 | D:4      | Reached skill level 4 in Long Blades
  5570 | D:4      | Reached XP level 8. HP: 38/52 MP: 10/14
  6031 | D:5      | Entered Level 5 of the Dungeon
  6034 | D:5      | Found an opulent altar of Gozag.
  6038 | D:5      | Found Gozag's Platinum Reserve.
  6609 | D:5      | Learned a level 4 spell: Summon Ice Beast
  6675 | D:5      | Identified the ring of the Gastropod {Ice Will- MP+9 Int+5
                  | Stlth+}
  6814 | D:5      | Found a staircase to the Ecumenical Temple.
  6829 | D:5      | Noticed Menkaure
  6836 | D:5      | Killed Menkaure
  6837 | D:5      | Reached skill level 5 in Long Blades
  6869 | D:5      | Found a blossoming altar of Fedhas.
  7131 | D:5      | You fall into a shaft and drop 3 floors!
  7272 | D:9      | Identified the +2 whip of Eprusk {venom, rN+ Will+ Dex+2}
  7690 | D:8      | Reached XP level 9. HP: 45/57 MP: 15/15
  7767 | D:8      | Noticed a hornet
  7771 | D:8      | Paralysed by a hornet for 3 turns
  7777 | D:8      | Paralysed by a hornet for 2 turns
  7778 | D:8      | Killed a hornet
  7779 | D:8      | Reached skill level 6 in Long Blades
  8830 | D:6      | Found a sacrificial altar of Ru.
  9163 | D:6      | Found the +8 longbow "Zephyr" {speed, Dex+3 SInv}
  9206 | D:6      | Reached skill level 7 in Long Blades
  9799 | D:6      | Found a basalt altar of Yredelemnul.
  9867 | D:6      | Found a white marble altar of Elyvilon.
 10275 | D:7      | HP: 1/57 [orc warrior/+0 glaive (8)]
 10279 | D:7      | Reached skill level 8 in Long Blades
 10279 | D:7      | Reached XP level 10. HP: 11/63 MP: 17/17
 10749 | D:7      | Mangled by a troll

Illustrated notes

Levels and vault maps discovered:
D:1:      dpeg_arrival_water_altar, layout_basic, serial_shops, shop,
          minmay_misc_feat_four_crosses, minmay_box_of_dots
D:2:      minmay_recursive_quarters, layout_basic,
          ebering_ecumenical_altar_webs, basic_altar, grunt_decor_fettered,
          minmay_misc_feat_rows, kennysheep_generic_room_5
D:3:      minmay_diamond_boxcup, layout_basic, minmay_misc_feat_tower,
          corexii_leaking_fountain
D:4:      layout_loops_ring, minmay_cut_off
D:5:      cheibrodos_thug_alley, layout_loops_corners, fedhas_altar_2,
          nicolae_gozag_zags_fifth_avenue, temple_pool_b, uniq_menkaure
D:6:      layout_cave_pools, kennysheep_ying_yang, nicolae_ru_awakened_eye,
          st_stairs_1, minmay_misc_feat_secret_circle
D:7:      layout_rooms, minmay_misc_feat_x, minmay_chambers_of_fives
D:8:      layout_gridville, trog_butcher_becter, fiery_altar_vehumet
D:9:      layout_cave_pods, grunt_lair_entry_orc_guard_hut

Skill      XL: |  1  2  3  4  5  6  7  8  9 |
---------------+----------------------------+-----
Spellcasting   | 3 4 |  4.9
Ice Magic      | 5 6 7 |  7.6
Long Blades    | 2 4 5 8 |  8.0
Dodging        | 3 4 |  4.8
Stealth        | 3 4 |  4.9
Fighting       | |  0.1

Action                   |  1- 3 |  4- 6 |  7- 9 | 10-12 || total
-------------------------+-------+-------+-------+-------++-------
Melee: Dagger            |     1 |     1 |       |       ||     2
       Unarmed           |     1 |       |       |       ||     1
       Long sword        |       |    57 |   242 |    10 ||   309
       Punch             |       |       |       |     1 ||     1
 Cast: Freeze            |    51 |    54 |     4 |       ||   109
       Ozocubu's Armour  |       |     1 |     7 |     1 ||     9
       Frozen Ramparts   |       |       |     2 |       ||     2
       Summon Ice Beast  |       |       |     9 |     1 ||    10
       Hailstorm         |       |       |     1 |       ||     1
  Use: Scroll            |     1 |       |     8 |     1 ||    10
       Potion            |       |       |     5 |       ||     5
 Stab: Sleeping          |       |     3 |     9 |       ||    12
       Distracted        |       |       |     2 |       ||     2
Armor: Robe              |    11 |    27 |    62 |     7 ||   107
Dodge: Dodged            |    27 |    57 |   169 |    20 ||   273
